Map: Frozen Temple

Players

Patience - Winner!

  • Race: Protoss Protoss

TRUE

  • Race: Zerg Zerg

Event: 2016 WCS Global Finals

VOD

https://youtu.be/aXCRzzMJa7U

Description

Time

  • Played on: Oct. 27, 2016, 4:51 p.m.
  • Length: 11:43

All games in this series

Show
View Real Time Build Order
Export as new Build Order

Patience Protoss - Winner!

Build Orders: 1 Gate Expand, Oracle Opening, Zealot Archon 

Get SALT Encoding   

  12  0:00  Probe (Chrono Boost)  
  13  0:11  Probe (Chrono Boost)  
  14  0:17  Pylon  
  14  0:22  Probe (Chrono Boost)  
  15  0:36  Probe (Chrono Boost)  
  15  0:39  Gateway  
  16  0:43  Assimilator  
  16  0:46  Probe (Chrono Boost)  
  18  0:57  Probe (Chrono Boost)  
  18  1:07  Probe (Chrono Boost)  
  19  1:18  Probe (Chrono Boost)  
  20  1:24  Nexus  
  20  1:31  Cybernetics Core  
  20  1:35  Probe (Chrono Boost)  
  21  1:40  Assimilator  
  21  1:45  Probe (Chrono Boost)  
  22  1:50  Pylon  
  22  1:56  Probe (Chrono Boost)  
  23  2:05  Adept  
  23  2:10  Probe (Chrono Boost)  
  23  2:15  Stargate  
  26  2:21  Warp Gate  
  26  2:22  Probe (Chrono Boost)  
  27  2:28  Adept  
  27  2:34  Probe (Chrono Boost)  
  27  2:37  Probe (Chrono Boost)  
  31  2:46  Probe (Chrono Boost)  
  31  2:47  Probe (Chrono Boost)  
  33  2:56  Adept, Oracle  
  33  2:57  Pylon  
  36  2:58  Probe (Chrono Boost)  
  36  3:03  Probe (Chrono Boost)  
  40  3:10  Probe (Chrono Boost)  
  41  3:14  Probe (Chrono Boost)  
  42  3:23  Probe (Chrono Boost)  
  42  3:24  Probe (Chrono Boost)  
  44  3:30  Gateway x2  
  47  3:34  Probe (Chrono Boost)  
  47  3:35  Mothership Core (Chrono Boost)  
  47  3:44  Probe (Chrono Boost)  
  47  3:47  Pylon  
  48  3:54  Probe (Chrono Boost)  
  48  3:55  Probe (Chrono Boost)  
  48  4:03  Nexus  
  48  4:04  Probe (Chrono Boost)  
  48  4:06  Probe (Chrono Boost)  
  48  4:07  Phoenix  
  50  4:15  Probe (Chrono Boost), Twilight Council  
  52  4:18  Probe (Chrono Boost)  
  52  4:25  Adept x2, Probe (Chrono Boost)  
  52  4:27  Adept  
  52  4:29  Probe (Chrono Boost)  
  60  4:33  Assimilator  
  60  4:34  Assimilator  
  60  4:36  Probe (Chrono Boost)  
  61  4:38  Resonating Glaives  
  61  4:40  Probe (Chrono Boost)  
  62  4:48  Pylon  
  62  5:00  Dark Shrine  
  62  5:04  Pylon  
  62  5:06  Probe (Chrono Boost)  
  64  5:08  Probe (Chrono Boost)  
  64  5:12  Adept  
  64  5:13  Adept x2  
  70  5:17  Robotics Facility, Probe (Chrono Boost)  
  70  5:20  Probe (Chrono Boost)  
  72  5:23  Probe (Chrono Boost)  
  72  5:27  Probe (Chrono Boost)  
  74  5:29  Pylon  
  74  5:32  Probe (Chrono Boost)  
  74  5:33  Adept x3, Probe (Chrono Boost)  
  82  5:38  Probe (Chrono Boost)  
  82  5:40  Gateway  
  82  5:41  Gateway  
  83  5:46  Probe (Chrono Boost)  
  83  5:47  Gateway  
  83  5:49  Probe x2 (Chrono Boost)  
  86  5:55  Pylon  
  87  5:58  Probe (Chrono Boost)  
  87  5:59  Forge  
  87  6:05  Probe x2 (Chrono Boost)  
  87  6:10  Probe (Chrono Boost)  
  90  6:14  Adept x3  
  90  6:16  Assimilator, Probe (Chrono Boost)  
  90  6:17  Assimilator  
  97  6:19  Blink  
  97  6:21  Protoss Ground Weapons Level 1  
  97  6:28  Warp Prism  
  97  6:31  Probe x3 (Chrono Boost)  
  90  6:41  Dark Templar x3  
  90  6:45  Gateway  
  88  6:49  Gateway  
  82  6:54  Dark Templar  
  82  6:58  Adept x2  
  88  7:02  Pylon  
  88  7:05  Pylon  
  88  7:08  Photon Cannon  
  88  7:09  Pylon  
  88  7:10  Warp Prism, Probe x3 (Chrono Boost)  
  88  7:11  Pylon  
  93  7:18  Adept  
  93  7:19  Adept x3  
  100  7:38  Nexus, Pylon  
  100  7:42  Sentry x2  
  100  7:43  Adept x4, Sentry  
  100  7:44  Adept  
  116  7:48  Archon  
  116  7:49  Archon  
  116  7:54  Pylon  
  116  7:56  Pylon  
  116  7:57  Pylon  
  116  8:06  Dark Templar  
  116  8:07  Dark Templar x2  
  116  8:08  Dark Templar x3  
  116  8:09  Protoss Ground Weapons Level 2  
  116  8:12  Archon x2  
  128  8:13  Archon, Adept  
  128  8:14  Adept  
  132  8:21  Probe (Chrono Boost)  
  132  8:22  Probe x2 (Chrono Boost)  
  132  8:23  Photon Cannon  
  132  8:26  Assimilator  
  135  8:29  Assimilator  
  135  8:32  Immortal  
  129  8:45  Adept x4  
  129  8:46  Adept x3  
  129  8:47  Adept  
  143  9:07  Dark Templar x3  
  143  9:08  Dark Templar  
  115  9:10  Zealot x4  
  115  9:13  Archon x2  
  115  9:15  Photon Cannon  
  119  9:20  Probe x3 (Chrono Boost)  
  120  9:33  Dark Templar  
  120  9:38  Stalker x4  
  114  9:39  Stalker x3  
  114  9:42  Dark Templar  
  126  9:51  Photon Cannon  
  126  10:05  Dark Templar  
  126  10:06  Dark Templar x3  
  134  10:07  Zealot x3  
  134  10:12  Archon  
  134  10:13  Archon  
  140  10:17  Pylon  
  140  10:23  Warp Prism  
  140  10:26  Adept  
  144  10:30  Adept  
  144  10:32  Dark Templar x2  
  148  10:38  Archon, Stalker x3  
  148  10:39  Stalker  
  156  10:45  Photon Cannon  
  156  10:47  Pylon  
  156  11:03  Pylon  
  156  11:16  Stalker x6  
  156  11:17  Stalker x2  
  156  11:28  Nexus  
  153  11:40  Stalker x2  
  153  11:41  Stalker x5  
Show
View Real Time Build Order
Export as new Build Order

TRUE Zerg 

Build Orders: Hatch First, Muta Ling Bane 

Get SALT Encoding   

  12  0:00  Drone  
  13  0:07  Drone  
  14  0:33  Hatchery  
  13  0:37  Drone  
  14  0:44  Overlord  
  14  0:51  Drone, Extractor  
  15  1:02  Drone  
  15  1:03  Drone  
  17  1:06  Extractor  
  16  1:14  Spawning Pool  
  16  1:18  Drone  
  16  1:21  Drone  
  17  1:31  Drone  
  18  1:41  Drone  
  18  1:45  Drone  
  20  1:52  Drone  
  21  1:56  Drone  
  22  2:01  Queen  
  22  2:07  Metabolic Boost  
  24  2:09  Zergling x2  
  24  2:13  Overlord  
  25  2:26  Hatchery  
  24  2:32  Queen  
  24  2:35  Zergling x2  
  27  2:37  Drone  
  27  2:41  Zergling x2  
  27  2:43  Drone  
  30  2:46  Drone  
  31  2:55  Queen  
  31  2:58  Overlord  
  33  3:00  Drone  
  33  3:03  Drone  
  35  3:06  Drone  
  35  3:10  Overlord  
  36  3:17  Zergling x4  
  38  3:20  Queen  
  38  3:26  Zergling x2  
  41  3:30  Drone  
  41  3:31  Drone  
  41  3:33  Queen  
  45  3:40  Drone x3  
  48  3:42  Drone  
  48  3:43  Drone  
  48  3:47  Drone  
  48  3:48  Drone  
  51  3:49  Drone  
  51  3:54  Spore Crawler  
  49  3:56  Drone  
  49  3:59  Overlord  
  49  4:02  Drone x2  
  52  4:05  Drone x2  
  52  4:07  Drone  
  53  4:10  Drone x2  
  53  4:15  Drone  
  56  4:18  Extractor  
  56  4:21  Drone x2  
  56  4:26  Drone  
  56  4:29  Drone x2  
  59  4:34  Zergling x6  
  59  4:37  Zergling x4, Hatchery  
  63  4:40  Queen  
  63  4:44  Overlord  
  65  4:48  Overlord  
  65  4:51  Overlord  
  65  4:58  Overlord  
  65  5:02  Evolution Chamber  
  65  5:04  Drone x2  
  65  5:05  Drone x6  
  65  5:06  Drone  
  73  5:10  Lair  
  73  5:12  Drone x2  
  73  5:14  Drone  
  76  5:15  Drone  
  76  5:17  Drone  
  76  5:18  Drone  
  76  5:19  Drone  
  76  5:21  Drone  
  81  5:23  Drone x2, Extractor  
  81  5:27  Drone x3  
  85  5:30  Extractor, Zerg Melee Weapons Level 1  
  85  5:35  Drone x3  
  86  5:37  Overlord  
  86  5:38  Drone  
  86  5:41  Extractor  
  86  5:42  Overlord  
  87  5:47  Zergling x6  
  90  5:50  Zergling x8  
  90  5:51  Baneling Nest  
  90  5:52  Zergling x2  
  90  5:55  Zergling x6  
  90  5:57  Extractor, Zergling x2  
  96  6:01  Zergling x2  
  98  6:05  Zergling x2  
  98  6:08  Zergling x2  
  98  6:09  Zergling x4  
  98  6:10  Zergling x2  
  103  6:12  Zergling x2  
  103  6:18  Zergling x2  
  105  6:20  Zergling x2  
  105  6:24  Overlord  
  106  6:29  Zergling x4  
  98  6:33  Zergling x2  
  98  6:34  Zergling x2, Overlord  
  98  6:35  Zergling x4  
  98  6:38  Overlord  
  94  6:42  Zergling x4  
  94  6:43  Centrifical Hooks  
  94  6:45  Drone x3  
  96  6:48  Spire  
  96  6:52  Drone x3  
  96  6:53  Overlord  
  97  6:54  Queen  
  97  6:59  Zergling x2  
  97  7:00  Zergling x6  
  97  7:01  Zergling x4, Overlord  
  103  7:02  Zergling x2  
  103  7:05  Zergling x4  
  103  7:07  Extractor, Zergling x2  
  108  7:10  Extractor  
  108  7:12  Zergling x2, Overlord  
  108  7:13  Zergling x4  
  110  7:15  Zergling x2  
  110  7:16  Zergling x2  
  110  7:18  Zergling x2  
  110  7:19  Zergling x4  
  114  7:23  Overlord  
  114  7:27  Zergling x6  
  114  7:28  Zergling x4  
  117  7:30  Zergling x2  
  117  7:34  Overseer x2  
  117  7:35  Zergling x2  
  119  7:39  Zerg Melee Weapons Level 2  
  119  7:49  Overseer  
  119  7:50  Hatchery  
  118  7:52  Pneumatized Carapace  
  118  8:00  Roach Warren  
  118  8:02  Mutalisk  
  118  8:03  Mutalisk x10  
  118  8:05  Mutalisk  
  139  8:10  Overlord  
  141  8:22  Zergling x8, Hatchery  
  141  8:23  Zergling x8  
  142  8:39  Overlord  
  139  8:45  Zergling x24  
  139  8:47  Baneling  
  139  8:48  Baneling x15  
  140  8:50  Zergling x4  
  140  8:54  Baneling x6  
  140  8:55  Baneling x8  
  141  8:56  Zergling x2  
  141  8:57  Zergling x2  
  141  8:59  Zergling x2  
  141  9:00  Zergling x2  
  132  9:05  Zergling x2  
  132  9:06  Zergling x2  
  118  9:12  Drone x5  
  118  9:13  Drone  
  121  9:40  Overseer  
  121  9:45  Roach x6  
  133  9:52  Drone x2  
  135  9:53  Drone x7  
  135  9:54  Drone x2, Hydralisk Den  
  143  10:09  Hydralisk Den  
  140  10:23  Drone x3  
  138  10:34  Drone x5, Hydralisk x5  
  138  10:35  Hydralisk x2  
  156  10:48  Ravager x6  
  156  10:49  Zergling x12  
  167  10:51  Zergling x2  
  167  10:52  Overseer  
  167  10:55  Zergling x2  
  167  10:56  Zergling x2  
  164  10:57  Zergling x2  
  164  10:59  Zergling x2, Overlord  
  164  11:00  Zergling x2  
  159  11:05  Hydralisk  
  159  11:06  Hydralisk  
  159  11:08  Hydralisk  
  159  11:09  Hydralisk  
  159  11:10  Hydralisk  
  150  11:12  Hydralisk  
  150  11:14  Hydralisk  
  124  11:19  Zergling x2  
  124  11:20  Zergling x6  
  124  11:21  Zergling x2  
  124  11:22  Zergling x2  
  96  11:26  Zergling x2  
Tags
 
Add a new tag
Caveats
  • Supply blocks, unpowered buildings, or Contaminate may cause inaccurate times.
  • Supply counts are checked every 10 seconds.